 Dungeon Crawl Stone Soup version 0.29-a0-753-gb7bb9d756e (webtiles) character file.

Game seed: 4607293735362810122

56 Nattfarinn the Ducker (level 3, -1/26 HPs)
             Began as a Merfolk Venom Mage on June 30, 2022.
             Slain by a white imp (3 damage)
             ... on level 3 of the Dungeon.
             The game lasted 00:03:04 (1993 turns).

Nattfarinn the Ducker (Merfolk Venom Mage)          Turns: 1993, Time: 00:03:05

Health: -1/26      AC:  4    Str: 10    XL:     3   Next: 95%
Magic:  1/6        EV: 13    Int: 14    God:
Gold:   62         SH:  0    Dex: 14    Spells: 4/6 levels left

rFire   . . .      SeeInvis .   (no weapon)
rCold   . . .      Faith    .   (no shield)
rNeg    . . .      Spirit   .   a - +0 robe
rPois   +          Reflect  .   (no helmet)
rElec   .          Harm     .   (no cloak)
rCorr   .          Rampage  .   i - +0 pair of gloves
Will    .....                   k - +0 pair of boots
Stlth   ++........              (no amulet)
HPRegen 0.08/turn               g - ring of poison resistance
MPRegen 0.10/turn               (no ring)

@: no status effects
A: (nimble swimmer 2), mertail
a: no special abilities


You were on level 3 of the Dungeon.
You visited 1 branch of the dungeon, and saw 3 of its levels.

You collected 62 gold pieces.

Inventory:

Armour
 a - a +0 robe (worn)
 h - a +0 kite shield
 i - a +0 pair of gloves (worn)
 k - a +0 pair of boots (worn)
Jewellery
 g - a ring of poison resistance (left hand)
Wands
 l - a wand of flame (24)
Scrolls
 c - 3 scrolls of identify {unknown}
 e - a scroll of fear {unknown}
 j - a scroll of teleportation {unknown}
 n - a scroll of fog {unknown}
Potions
 b - a potion of magic
 d - a potion of flight {unknown}
 f - a potion of attraction {unknown}
 m - 2 potions of ambrosia {unknown}


   Skills:
 + Level 1.5 Fighting
 * Level 4.3 Dodging
 - Level 2.1 Stealth
 - Level 2.0 Spellcasting
 - Level 1.3 Transmutations
 + Level 3.8 Poison Magic


You had 4 spell levels left.
You knew the following spells:

 Your Spells              Type           Power      Damage    Failure   Level
a - Sting                 Tmut/Pois      32%        1d4       9%          1
b - Shock                 Conj/Air       4%         1d3       24%         1

Your spell library contained the following spells:

 Spells                   Type           Power      Damage    Failure   Level
 Poisonous Vapours        Pois/Air       12%        N/A       16%         2
 Spider Form              Tmut/Pois      8%         N/A       24%         3
 Ensorcelled Hibernation  Hex/Ice        2%         N/A       34%         2
 Mephitic Cloud           Conj/Pois/Air  4%         N/A       38%         3
 Olgreb's Toxic Radiance  Pois           12%        N/A       43%         4
 Swiftness                Air            1%         N/A       56%         3
 Airstrike                Air            0%         N/A       93%         4
 Anguish                  Hex/Necr       0%         N/A       93%         4


Dungeon Overview and Level Annotations

Branches:
Dungeon (3/15)

Altars:

Shops:
D:1 *

Annotations:
D:2 Sigmund, Terence


Innate Abilities, Weirdness & Mutations

((You are very nimble when in or above water. (Stealth+, EV+, Speed+++)))
Your lower body shifts to a powerful aquatic tail in water.


Message History

The zap hits the white imp.
The white imp is lightly wounded.
The white imp lashes its tail.
The zap hits the white imp.
The white imp is lightly wounded.
The zap misses the white imp.
The zap hits the white imp.
The white imp is heavily wounded.
The white imp closely misses you.
The zap hits the white imp but does no damage.
The white imp is heavily wounded.
The white imp hits you. The white imp freezes you.
The zap misses the white imp.
The white imp hits you but does no damage.
You are out of magic!
You are out of magic!
You are out of magic!
Casting: Shock (safe; 24% risk of failure)
Confirm with . or Enter, or press ? or * to list all spells.
You don't have enough magic to cast this spell.
Unknown command.
You hit the white imp.
The white imp is heavily wounded.
The white imp hits you but does no damage.
You hit the white imp but do no damage.
The white imp is heavily wounded.
The white imp gestures at you. The puff of frost hits you.
You hit the white imp.
The white imp is severely wounded.
The white imp misses you.
You closely miss the white imp.
The white imp is severely wounded.
The white imp gestures at you. The puff of frost hits you!
* * * LOW HITPOINT WARNING * * *
You barely miss the white imp.
The white imp is severely wounded.
The white imp hits you.
You die...

#########
#.......#
#.#####.#
#########.#####.#
#....5@......##.#
#.#######.##.##.#
#.......#
##.....##
#.#.#.########
#.#...........
###.###.#####..<
#.......# #.....
#.......# #.....


You could see a white imp.

Vanquished Creatures
  Jessica (D:2)
  An adder zombie (D:2)
  3 bats
  3 endoplasms
  2 giant cockroaches (D:1)
  A goblin (D:3)
  4 hobgoblins
  A kobold (D:2)
  2 ball pythons (D:1)
  A ball python zombie (D:2)
  2 frilled lizards
  A jackal skeleton (D:2)
  3 rats (D:1)
25 creatures vanquished.

Vanquished Creatures (others)
  A plant (D:1)
1 creature vanquished.

Grand Total: 26 creatures vanquished

Notes
Turn   | Place    | Note
-------+----------+-------------------------------------------
     0 | D:1      | Nattfarinn the Merfolk Venom Mage began the quest for the
                  | Orb.
     0 | D:1      | Reached XP level 1. HP: 13/13 MP: 3/3
   407 | D:1      | Found Yvoe's General Store.
   586 | D:1      | Reached skill level 3 in Dodging
   829 | D:1      | Reached XP level 2. HP: 20/20 MP: 1/5
  1395 | D:2      | Reached skill level 1 in Fighting
  1624 | D:2      | Learned a level 1 spell: Shock
  1717 | D:2      | Reached XP level 3. HP: 19/26 MP: 0/6
  1800 | D:2      | Noticed Jessica
  1805 | D:2      | Noticed Terence
  1806 | D:2      | Noticed Sigmund
  1807 | D:2      | Killed Jessica
  1808 | D:2      | Reached skill level 4 in Dodging
  1993 | D:3      | Slain by a white imp

Illustrated notes

Levels and vault maps discovered:
D:1:      kilobyte_arrival_exit_the_forest, layout_basic, serial_shops,
          shop_statue, serial_bayou_lagoon_a
D:2:      layout_basic, dreamdust_ecumenical_altar_drowned_temple,
          serial_undead, serial_undead_d, serial_undead_a, serial_undead_b,
          serial_undead_e, serial_undead_d, nicolae_eternal_life, uniq_sigmund,
          uniq_terence, uniq_jessica
D:3:      layout_loops_cross

Skill      XL: |  1  2  3 |
---------------+----------+-----
Dodging        | 3 4 |  4.3
Fighting       | 1 |  1.5
Stealth        | |  2.1
Spellcasting   | |  2.0
Transmutations | |  1.3
Poison Magic   | |  3.8

Action                   || total
-------------------------++-------
Melee: Unarmed           ||    42
 Cast: Sting             ||    40
       Shock             ||    21
Armor: Robe              ||    20
Dodge: Dodged            ||    35

Table legend: (Time is in decaauts)
 A = Elapsed time spent in this place.
 B = Non-inter-level travel time spent in this place.
 C = Inter-level travel time spent in this place.
 D = Time resting spent in this place.
 E = Time spent auto-exploring this place.
 F = Levels seen in this place.
 G = Mean time per level.
                   A        B        C        D        E       F      G
               +--------+--------+--------+--------+--------+-----+--------+
         Total |   1982 |   1940 |     42 |    140 |   1528 |   3 |  660.7 |
       Dungeon |   1982 |   1940 |     42 |    140 |   1528 |   3 |  660.7 |
               +--------+--------+--------+--------+--------+-----+--------+

Top non-repeatable levels by time:
     D:1: 1380 daAuts
     D:2: 422 daAuts
     D:3: 179 daAuts
